 Dungeon Crawl Stone Soup version 0.22.0 (webtiles) character file.

458418 CyclopB the Executioner (level 25, -4/194 HPs)
             Began as a Formicid Fighter on Dec 17, 2018.
             Was the Champion of the Shining One.
             Splashed by a deep elf sorcerer's acid (13 damage)
             ... on level 3 of the Elven Halls on Dec 23, 2018.
             The game lasted 18:43:53 (55147 turns).

CyclopB the Executioner (Formicid Fighter)         Turns: 55147, Time: 18:43:54

Health: -4/194     AC:  9    Str: 26    XL:     25   Next: 29%
Magic:  8/36       EV: 20    Int: 10    God:    the Shining One [******]
Gold:   2846       SH: 40    Dex: 16    Spells: 19/28 levels left

rFire    . . .     SeeInvis +   j - +5 executioner's axe (freeze)
rCold    + . .     Gourm    .   n - +2 large shield
rNeg     + + +     Faith    .   S - +2 swamp dragon scales
rPois    +         Spirit   .   (helmet unavailable)
rElec    .         Reflect  +   D - +0 cloak
rCorr    .         Harm     .   Q - +0 pair of gloves {Dex+3}
MR       +++..                  r - +4 pair of boots of Ahecaeg {rC+ Str-4 Slay+5 Stlth+}
Stlth    +.........             a - +3 amulet of reflection
HPRegen  0.42/turn              c - ring of Phasing {EV+8}
MPRegen  0.25/turn              M - +3 ring of slaying

@: divine shield, corroded, glowing
A: permanent stasis, dig shafts and tunnels, four strong arms, antennae 3,
talons 1, agile 1, blurry vision 2, deterioration 1, magic resistance 1,
mutation resistance 1
}: 3/15 runes: decaying, serpentine, abyssal
a: Dig, Shaft Self, Divine Shield, Cleansing Flame, Summon Divine Warrior, Brand
Weapon With Holy Wrath, Renounce Religion


You were on level 3 of the Elven Halls.
You worshipped the Shining One.
The Shining One was exalted by your worship.
You were not hungry.

You visited 8 branches of the dungeon, and saw 39 of its levels.
You visited the Abyss 2 times.
You also visited: Labyrinth and Ice Cave.

You collected 5005 gold pieces.
You spent 2159 gold pieces at shops.

Inventory:

Hand Weapons
 j - a +5 executioner's axe of freezing (weapon)
 s - a +2 arbalest of flaming
 w - a +2 antimagic executioner's axe
 E - a +5 dire flail of protection
Missiles
 d - 1324 bolts
 g - 47 tomahawks (quivered)
 h - 779 stones
 i - 20 poisoned javelins
 x - 5 throwing nets
Armour
 n - a +2 large shield (worn)
 r - the +4 pair of boots of Ahecaeg (worn) {rC+ Str-4 Slay+5 Stlth+}
   (You bought it in a shop on level 2 of the Orcish Mines)

   It affects your strength (-4).
   It affects your accuracy and damage with ranged weapons and melee attacks
   (+5).
   It protects you from cold.
   It makes you more stealthy.
 t - a +2 plate armour of magic resistance
 D - a +0 cloak (worn)
 I - a +5 chain mail of fire resistance
 Q - a +0 pair of gloves of dexterity (worn)
 S - +2 swamp dragon scales (worn)
Jewellery
 a - a +3 amulet of reflection (around neck)
 c - the ring of Phasing (left hand) {EV+8}
   (You bought it in a shop on level 3 of the Elven Halls)

   [ring of evasion]

   It affects your evasion (+8).
 p - a +5 ring of evasion
 y - an uncursed amulet of regeneration
 M - a +3 ring of slaying (right hand)
Wands
 z - a wand of acid (22)
 J - a wand of disintegration (47)
 N - a wand of iceblast (16)
 P - a wand of paralysis (77)
 X - a wand of flame (165)
Scrolls
 b - 10 scrolls of magic mapping
 u - 7 scrolls of identify
 v - 11 scrolls of fog
 B - 3 scrolls of enchant armour
 F - a scroll of brand weapon
 G - 3 scrolls of fear
 U - a scroll of silence
 W - 10 scrolls of remove curse
Potions
 l - 8 potions of curing
 m - 5 potions of agility
 o - 2 potions of brilliance
 A - 5 potions of mutation
 C - 8 potions of flight
 H - a potion of cancellation
 K - a potion of resistance
 O - 5 potions of might
Miscellaneous
 k - a lightning rod (4/4)
 Y - a phantom mirror
Comestibles
 f - 47 rations


   Skills:
 - Level 15.0 Fighting
 - Level 25.9(26.0) Axes
 - Level 1.3(18.0) Maces & Flails
   Level 1.2 Bows
 + Level 9.5 Crossbows
 - Level 6.0 Throwing
 - Level 11.0 Armour
 - Level 2.0 Dodging
 - Level 15.0 Shields
 - Level 2.2 Spellcasting
 - Level 13.0 Hexes
 - Level 3.4 Summonings
 - Level 19.0 Invocations
 - Level 6.0 Evocations


You had 19 spell levels left.
You knew the following spells:

 Your Spells              Type           Power        Failure   Level  Hunger
a - Slow                  Hex            ####....     1%          2    ###....
b - Confuse               Hex            ####....     1%          3    ####...
c - Tukima's Dance        Hex            ####....     1%          3    ####...
d - Summon Butterflies    Summ           #.......     10%         1    ##.....

Your spell library contained the following spells:

 Spells                   Type           Power        Failure   Level  Hunger
 Magic Dart               Conj           #...         38%         1    ##.....
 Fireball                 Conj/Fire      #.........   100%        5    ######.
 Apportation              Tloc           #.....       38%         1    ##.....
 Conjure Flame            Conj/Fire      #.......     77%         3    ####...
 Lightning Bolt           Conj/Air       #.........   100%        5    ######.
 Bolt of Magma            Conj/Fire/Erth #.........   100%        5    ######.
 Invisibility             Hex            ####....     30%         6    #######
 Throw Flame              Conj/Fire      #.....       54%         2    ###....
 Mephitic Cloud           Conj/Pois/Air  #.......     77%         3    ####...
 Summon Small Mammal      Summ           #...         10%         1    ##.....
 Blink                    Tloc           N/A          54%         2    ###....
 Animate Dead             Necr           N/A          99%         4    #####..
 Pain                     Necr           #...         38%         1    ##.....
 Animate Skeleton         Necr           N/A          38%         1    ##.....
 Vampiric Draining        Necr           #.........   77%         3    ####...
 Sticky Flame             Conj/Fire      #.......     99%         4    #####..
 Summon Ice Beast         Ice/Summ       #.......     90%         4    #####..
 Call Imp                 Summ           #.......     16%         2    ###....
 Regeneration             Chrm/Necr      #.........   77%         3    ####...
 Iron Shot                Conj/Erth      #.........   100%        6    #######
 Stone Arrow              Conj/Erth      #.....       77%         3    ####...
 Shock                    Conj/Air       #...         38%         1    ##.....
 Swiftness                Chrm/Air       #.......     54%         2    ###....
 Statue Form              Tmut/Erth      #........    100%        6    #######
 Dragon Form              Tmut           #.........   100%        7    #######
 Airstrike                Air            #.........   99%         4    #####..
 Confusing Touch          Hex            ####..       1%          1    ##.....
 Flame Tongue             Conj/Fire      #....        38%         1    ##.....
 Passwall                 Tmut/Erth      #.......     54%         2    ###....
 Call Canine Familiar     Summ           #.......     30%         3    ####...
 Ensorcelled Hibernation  Hex/Ice        ##....       4%          2    ###....
 Metabolic Englaciation   Hex/Ice        ##........   63%         5    ######.
 Shatter                  Erth           #.........   100%        9    #######
 Static Discharge         Conj/Air       #.......     77%         3    ####...
 Corona                   Hex            ####...      1%          1    ##.....
 Alistair's Intoxication  Tmut/Pois      #.......     100%        5    ######.
 Lee's Rapid Deconstruct  Erth           #.........   100%        5    ######.
 Sandblast                Erth           #.....       38%         1    ##.....
 Petrify                  Tmut/Erth      #.......     99%         4    #####..
 Passage of Golubria      Tloc           N/A          99%         4    #####..
 Leda's Liquefaction      Hex/Erth       ##........   28%         4    #####..
 Darkness                 Hex            ####......   30%         6    #######
 Inner Flame              Hex/Fire       ##......     9%          3    ####...
 Dazzling Spray           Conj/Hex       ##....       9%          3    ####...
 Summon Lightning Spire   Summ/Air       #.......     90%         4    #####..
 Summon Guardian Golem    Hex/Summ       ###.....     4%          3    ####...
 Hydra Form               Tmut           #.........   100%        6    #######
 Irradiate                Conj/Tmut      #.........   100%        5    ######.
 Gell's Gravitas          Tloc           #.........   77%         3    ####...
 Yara's Violent Unravell  Hex/Tmut       ##........   63%         5    ######.
 Lesser Beckoning         Tloc           #.........   77%         3    ####...


Dungeon Overview and Level Annotations

Branches:
Dungeon (15/15)            Temple (1/1) D:6            Lair (6/6) D:10
  Swamp (4/4) Lair:3        Snake (4/4) Lair:2        Slime (0/5) Lair:6
    Orc (2/2) D:10            Elf (3/3) Orc:2        Vaults (4/5) D:13
  Crypt (0/3) Vaults:2     Depths (0/5) D:15

Altars:
Ashenzari
Cheibriados
Dithmenos
Elyvilon
Fedhas
Gozag
Hepliaklqana
Kikubaaqudgha
Makhleb
Nemelex Xobeh
Okawaru
Qazlal
Ru
Sif Muna
Trog
Uskayaw
Vehumet
Wu Jian
Xom
Yredelemnul
Zin
The Shining One
Beogh

Shops:
D:12 %[   Orc:2 :[(*   Elf:3 =}}   Snake:4 !   Vaults:1 [   Vaults:3 [

Annotations:
Swamp:4 1 runed door, Guenter's ghost, journeyman DsGl
Orc:1 3 runed doors, Etaoz's ghost, journeyman BaFE; Pseudoku's ghost, journeyman HaMo; lepoulpe303's ghost, journeyman GrFi


Innate Abilities, Weirdness & Mutations

You cannot be hasted, slowed, berserked, paralysed or teleported.
You can dig through walls and to a lower floor.
Your four strong arms can wield two-handed weapons with a shield.
You have a pair of large antennae on your head. (SInv)
You have sharp toenails.
You are agile. (Dex +2)
Scrolls take you longer to read.
Your body sometimes deteriorates upon taking damage.
You are resistant to hostile enchantments. (MR+)
You are somewhat resistant to further mutation.


Message History

The deep elf demonologist is empowered by the deep elf high priest's aura! x2
The deep elf elementalist is empowered by the deep elf high priest's aura!
The deep elf master archer hits your angel!!
The deep elf elementalist closely misses your angel.
The earth elemental completely misses your angel.
Your angel barely misses the deep elf master archer.
Your angel hits the deep elf master archer with a sacred scourge of holy wrath.
The deep elf annihilator casts a spell.
The deep elf annihilator blinks!
You block the orange demon's attack.
Your angel hits the deep elf elementalist with a sacred scourge of holy wrath!
Your angel barely misses the deep elf elementalist.
Your daeva hits the deep elf sorcerer with an eudemon blade of holy wrath.
Your daeva misses the deep elf sorcerer.
The deep elf demonologist mumbles some strange words.
The deep elf sorcerer points at you and mumbles some strange words.
The bolt of acid hits your daeva.
Your daeva is splashed with acid.
The acid corrodes your daeva! The bolt of acid hits you!
The Shining One protects you from harm! The acid corrodes you!
You are splashed with acid!
The acid burns!
You die...

##.......## #.# ##..........
##'#.....'## #.# ##...........
##.###...##)####+####..'.........
#.## ##.####'.......#.)e....)...#
.## ### ##.......#'...#.....## ##
#.......E)....#'##### #
♣♣♣♣♣#.......EeE.4...# #
♣♣.P.♣#...).44EEeeE....# #
♣♣.∩.P♣#....@eAeAEeE.§..# #
♣P....♣#.....A)eE331..e..# #
♣.∩.⌠.∩.....).Ee..#......#
♣P....♣#.......*<##


eE. ♣♣.∩..♣##.......## #.. # ♣♣..P♣ #.......# #EE ## ♣♣♣♣♣ ######### #.4E####.
##A.E{{#.# ##..(E.#'## You could see a Brimstone Fiend, a deep elf master
archer, a deep elf annihilator, a deep elf death mage, 2 deep elf sorcerers, a
deep elf elementalist, 2 deep elf demonologists, an orange demon, a deep elf
high priest, 8 earth elementals, an ice devil, a rust devil, 2 water elementals,
a sixfirhy, a smoke demon, a lost soul, a friendly daeva and 2 friendly angels.

Vanquished Creatures
  A bone dragon (Abyss:2)
  A profane servitor (Abyss:3)
  Rupert (D:15)
  5 liches
  An Ice Fiend (IceCv)
  2 deep elf blademasters
  7 tentacled starspawn
  Kirke (D:14)
  2 sphinxes
  3 thorn hunters
  An azure jelly (shapeshifter) (Elf:2)
  A draconian monk (Abyss:3)
  The ghost of Ihryk the Severer, a journeyman MiFi of Makhleb (D:15)
  A draconian knight (Abyss:3)
  9 nagarajas
  6 vault wardens
  4 fire giants
  6 deep elf sorcerers
  An orc warlord (Orc:2)
  Louise (Snake:3)
  11 ironheart preservers
  5 deep elf elementalists
  9 very ugly things
  4 entropy weavers
  2 red draconians
  3 stone giants
  6 deep elf demonologists
  A minotaur (Lab)
  A white draconian (Abyss:3)
  A deep elf annihilator (Elf:1)
  2 green deaths
  Snorg (Orc:1)
  4 deep elf death magi
  An ettin (Orc:1)
  A blizzard demon (Abyss:3)
  A crystal guardian (Abyss:3)
  5 yaktaur captains
  Erolcha (Orc:1)
  9 vault guards
  10 ogre magi
  3 fire dragons
  2 rakshasas (Vaults:3)
  14 naga warriors
  2 great orbs of eyes
  3 deep elf high priests
  The ghost of catcat the Unseen, a journeyman SpEn of Dithmenos (Lair:4)
  2 ghost crabs
  27 hydras
  3 death knights
  9 centaur warriors
  27 two-headed ogres
  15 anacondas
  2 alligators
  A tengu warrior (D:15)
  Erica (Lair:2)
  26 dancing weapons
  A queen ant (Lair:5)
  15 death yaks
  A hell hog (Abyss:3)
  A deep troll earth mage (Vaults:4)
  A titan zombie (Abyss:3)
  A vampire mage (Vaults:2)
  19 naga sharpshooters
  An orc high priest (Elf:1)
  14 thrashing horrors
  5 shock serpents
  21 deep elf knights
  A storm dragon zombie (Vaults:4)
  Nergalle (D:11)
  A spark wasp zombie (D:15)
  A spectral catoblepas (Lair:4)
  3 sixfirhies
  8 wretched stars
  A spatial maelstrom (Abyss:3)
  6 skeletal warriors
  11 deep trolls
  4 unseen horrors
  2 spriggan druids
  A glowing orange brain (Abyss:3)
  2 shadow demons
  2 flayed ghosts
  11 naga ritualists
  6 wizards
  19 large abominations
  8 swamp dragons
  21 orc knights
  14 deep elf archers
  2 shambling mangroves
  2 necromancers
  9 ironbrand convokers
  2 phantasmal warriors
  13 mana vipers
  9 orc sorcerers
  52 deep elf magi
  7 salamanders
  4 wolf spiders
  42 ugly things
  A manticore (D:12)
  3 cyclopes
  8 worldbinders
  A salamander (shapeshifter) (Vaults:4)
  4 guardian serpents
  45 black mambas
  A guardian serpent (shapeshifter) (Elf:2)
  28 naga magi
  Joseph (D:9)
  3 ice statues (IceCv)
  A black mamba (shapeshifter) (D:13)
  8 smoke demons
  An elephant (shapeshifter) (Abyss:3)
  2 spriggan zombies (D:15)
  2 torpor snails
  12 vault sentinels
  6 centaur skeletons
  13 spiny frogs
  A gargoyle (D:11)
  A human zombie (Vaults:4)
  A hellion (Abyss:3)
  7 komodo dragons
  A komodo dragon (shapeshifter) (Vaults:4)
  A kobold demonologist (Abyss:3)
  28 yaktaurs
  8 freezing wraiths
  2 redback zombies
  A rime drake (Lair:4)
  A hellwing (Abyss:2)
  4 anaconda simulacra (IceCv)
  An efreet (Abyss:3)
  2 human skeletons (Vaults:4)
  14 ice devils
  A tengu conjurer (D:13)
  A golden dragon simulacrum (IceCv)
  8 trolls
  11 ancient zymes
  A queen bee (D:15)
  3 jumping spiders
  A queen bee (shapeshifter) (Abyss:3)
  2 meliai (D:15)
  5 polar bears
  10 blink frogs
  14 hornets
  2 spectral dream sheep (Lair:4)
  6 tyrant leeches
  13 raiju
  24 slime creatures
  2 fire giant simulacra
  An ettin zombie (D:15)
  12 dream sheep
  11 hippogriffs
  4 bog bodies
  2 spectral black mambas (Lair:4)
  A frost giant simulacrum (Vaults:4)
  3 redbacks
  2 shadows
  A spriggan (shapeshifter) (Vaults:4)
  A flying skull (Abyss:3)
  A centaur simulacrum (D:14)
  A fire dragon skeleton (Abyss:3)
  A vampire (D:14)
  An air elemental (Elf:2)
  A hog (shapeshifter) (Vaults:1)
  2 tarantellas
  2 wyverns
  17 spriggans
  2 water elementals
  7 ynoxinuls
  18 yaks
  A fire bat (Abyss:3)
  A human (D:7)
  A human (shapeshifter) (Vaults:3)
  2 dire elephant simulacra (IceCv)
  5 wraiths
  A steam dragon (D:9)
  4 golden eyes (Abyss:3)
  2 chaos spawn
  4 basilisks
  4 fire elementals
  8 hogs
  3 hungry ghosts
  7 neqoxecs
  26 vampire mosquitoes
  A death yak simulacrum (Lair:4)
  8 wargs
  13 swamp worms
  A spatial vortex (Abyss:3)
  A harpy simulacrum (IceCv)
  45 nagas
  16 soldier ants (Lair:5)
  3 acid dragons
  4 insubstantial wisps (Swamp:3)
  A hydra simulacrum (IceCv)
  19 water moccasins
  14 porcupines
  20 swamp drakes
  9 ice beasts
  3 sky beasts
  3 black bears
  52 orc warriors
  2 phantoms
  A necrophage (D:12)
  27 wolves
  An ettin simulacrum (IceCv)
  5 boggarts
  A wolf (shapeshifter) (Vaults:3)
  30 ogres
  13 centaurs
  17 small abominations
  9 big kobolds
  8 crocodiles
  19 bullfrogs
  A spiny frog simulacrum (Lair:4)
  A water moccasin zombie (D:11)
  3 earth elementals
  A wyvern skeleton (D:9)
  5 scorpions
  A dream sheep simulacrum (Lair:4)
  10 killer bees (D:15)
  16 wights
  8 electric eels
  A lava snake (Lair:6)
  6 crimson imps
  49 starcursed masses
  A bullfrog zombie (D:9)
  3 centaur zombies
  3 jellies
  A quasit (Abyss:3)
  A human simulacrum (Vaults:1)
  18 orc priests
  10 hounds
  24 orc wizards
  2 bullfrog skeletons
  A gnoll shaman (D:5)
  3 iguanas
  24 worker ants
  2 hound skeletons
  A worker ant zombie (D:10)
  Robin (D:2)
  9 gnolls
  A howler monkey skeleton (D:5)
  12 adders
  3 shadow imps
  3 white imps
  9 oozes
  An adder zombie (D:6)
  An adder skeleton (D:4)
  4 worms
  5 dart slugs
  5 leopard geckos
  124 orcs
  3 bats (D:1)
  10 giant cockroaches
  14 hobgoblins
  16 jackals
  4 quokkas
  A ball python (D:2)
  A ball python skeleton (D:5)
  5 frilled lizards
  12 goblins
  33 kobolds
  2 leopard gecko skeletons
  A quokka zombie (D:6)
  11 rats
  A crawling corpse (Vaults:2)
  2 fungi (Lair:5)
  A lurking horror (Abyss:3)
  A plant (Lair:6)
  7 starspawn tentacles
  A withered plant (D:15)
1939 creatures vanquished.

Vanquished Creatures (collateral kills)
  Vashnia (Snake:2)
  A profane servitor (Abyss:3)
  A bone dragon (Abyss:3)
  2 liches
  4 tentacled starspawn
  A nagaraja (Snake:2)
  2 deep elf sorcerers (Elf:3)
  A vault warden (Vaults:1)
  2 deep elf elementalists (Elf:3)
  3 very ugly things (Abyss:3)
  A deep elf demonologist (Abyss:3)
  An eidolon (Abyss:3)
  A great orb of eyes (Abyss:3)
  An ogre mage (Vaults:1)
  A rakshasa (Abyss:2)
  A two-headed ogre (shapeshifter) (Abyss:2)
  8 thrashing horrors
  3 hell hogs (Abyss:2)
  A naga sharpshooter (Snake:2)
  2 sun demons (Abyss:2)
  A spatial maelstrom (Abyss:2)
  A deep elf knight (Elf:3)
  A fire crab (shapeshifter) (Vaults:1)
  A sixfirhy (Abyss:3)
  A skeletal warrior (Vaults:1)
  2 wretched stars
  8 large abominations
  A wizard (Vaults:2)
  3 deep elf archers
  A phantasmal warrior (Vaults:2)
  2 orb spiders (shapeshifter) (Vaults:1)
  2 necromancers
  A frost giant zombie (Abyss:3)
  An orc knight (Vaults:2)
  A cyclops (D:15)
  4 deep elf magi
  A stone giant skeleton (Abyss:2)
  A black mamba (Snake:2)
  3 guardian serpents
  2 smoke demons (Abyss:3)
  3 apocalypse crabs (Abyss:3)
  A rust devil (Abyss:2)
  An orange demon (Abyss:2)
  2 naga magi (Snake:2)
  A kobold demonologist (Abyss:3)
  A yaktaur (Vaults:1)
  2 freezing wraiths (Abyss:3)
  A hellwing (Abyss:3)
  2 ancient zymes
  A jumping spider (shapeshifter) (Vaults:1)
  A meliai (D:15)
  4 raiju
  2 hornets (Vaults:4)
  2 blink frogs (Abyss:3)
  3 ynoxinuls
  A hungry ghost (Abyss:3)
  3 neqoxecs (Abyss:3)
  A chaos spawn (Abyss:3)
  A naga (Snake:2)
  A spatial vortex (Abyss:2)
  An ice beast (Abyss:2)
  2 orc warriors (Vaults:2)
  2 wights (Abyss:2)
  11 starcursed masses
  A quasit (Abyss:2)
  5 small abominations
  2 iron imps
  A naga zombie (Abyss:3)
  2 white imps (Abyss:3)
  An ufetubus (Abyss:2)
  3 orcs
  A kobold (Abyss:3)
  3 starspawn tentacles
145 creatures vanquished.

Vanquished Creatures (others)
  A deep elf master archer (Elf:3)
  A stone giant (Vaults:1)
  2 yaktaur captains
  2 naga sharpshooters
  A deep elf archer (Elf:1)
  2 yaktaurs
  A spriggan (Swamp:4)
  A golden eye (Abyss:2)
  A warg (Vaults:1)
  A centaur (D:14)
  A killer bee (D:15)
  An orc (Vaults:3)
  18 fungi
  A lurking horror (Abyss:3)
  15 plants
  18 starspawn tentacles
  7 withered plants
74 creatures vanquished.

Grand Total: 2158 creatures vanquished

Notes
Turn   | Place    | Note
-------+----------+-------------------------------------------
     0 | D:1      | CyclopB the Formicid Fighter began the quest for the Orb.
     0 | D:1      | Reached XP level 1. HP: 18/18 MP: 1/1
   147 | D:1      | Reached XP level 2. HP: 24/24 MP: 2/2
   287 | D:1      | Reached XP level 3. HP: 29/29 MP: 3/3
   372 | D:1      | Reached skill level 3 in Axes
   925 | D:2      | Reached XP level 4. HP: 26/35 MP: 4/4
  1155 | D:2      | Reached skill level 4 in Axes
  1155 | D:2      | Reached XP level 5. HP: 37/41 MP: 5/5
  1333 | D:2      | Noticed Robin
  1406 | D:2      | Killed Robin
  1680 | D:3      | Noticed an ice beast
  1705 | D:3      | Noticed an ice beast
  1730 | D:2      | Reached skill level 5 in Axes
  1758 | D:2      | You fall through a shaft for 2 floors!
  1925 | D:5      | Entered Level 5 of the Dungeon
  1925 | D:5      | Noticed an ogre
  1928 | D:5      | Noticed a sky beast
  1977 | D:4      | Reached XP level 6. HP: 19/47 MP: 6/6
  1984 | D:4      | Gained mutation: You are partially covered in icy blue scales. (AC +2) [potion of mutation]
  1984 | D:4      | Gained mutation: You expend magic power (3 MP) to strengthen your wands. [potion of mutation]
  1984 | D:4      | Gained mutation: You have sharp fingernails. [potion of mutation]
  2487 | D:4      | Noticed an ogre
  2507 | D:4      | Killed an ogre
  2507 | D:4      | Reached skill level 6 in Axes
  2507 | D:4      | Reached skill level 5 in Shields
  2507 | D:4      | Reached XP level 7. HP: 39/52 MP: 7/7
  3129 | D:3      | Reached skill level 7 in Axes
  3399 | D:4      | Found a glowing golden altar of the Shining One.
  3425 | D:4      | Became a worshipper of the Shining One
  3757 | D:4      | Reached XP level 8. HP: 58/58 MP: 8/8
  3897 | D:3      | Reached skill level 8 in Axes
  4517 | D:5      | Reached skill level 9 in Axes
  4618 | D:5      | Reached * piety under the Shining One
  4829 | D:5      | Found a radiant altar of Vehumet.
  4829 | D:5      | Found an ancient bone altar of Kikubaaqudgha.
  4834 | D:5      | Found a faded altar of an unknown god.
  4836 | D:5      | Found a hide-covered altar of Uskayaw.
  4837 | D:5      | Found an ornate altar of the Wu Jian Council.
  4906 | D:6      | Reached XP level 9. HP: 64/64 MP: 9/9
  5127 | D:6      | Reached skill level 10 in Axes
  5317 | D:6      | Found a staircase to the Ecumenical Temple.
  5323 | Temple   | Entered the Ecumenical Temple
  5671 | D:6      | Reached skill level 1 in Dodging
  5952 | D:6      | Reached skill level 11 in Axes
  5965 | D:6      | Found a shattered altar of Ashenzari.
  6369 | D:7      | Reached skill level 12 in Axes
  6369 | D:7      | Reached XP level 10. HP: 70/70 MP: 10/10
  7590 | D:8      | Reached skill level 1 in Invocations
  7767 | D:8      | Noticed a cyan ugly thing
  7792 | D:8      | Reached ** piety under the Shining One
  8598 | D:8      | You fall through a shaft for 2 floors!
  8598 | D:10     | Entered Level 10 of the Dungeon
  8772 | D:10     | Reached skill level 5 in Invocations
  8997 | D:9      | Reached XP level 11. HP: 66/75 MP: 14/14
  9085 | D:9      | Noticed Joseph
  9085 | D:9      | Reached *** piety under the Shining One
  9248 | D:10     | You fall through a shaft for 2 floors!
  9248 | D:12     | Noticed a centaur warrior
  9263 | D:12     | Killed a centaur warrior
  9263 | D:12     | Reached skill level 13 in Axes
  9459 | D:11     | Noticed Nergalle
  9972 | D:12     | Found Namenico's Antique Armour Shoppe.
  9979 | D:12     | Bought a pair of glowing gloves for 210 gold pieces
 10174 | D:12     | Noticed a manticore
 10187 | D:12     | Killed a manticore
 10427 | D:11     | Reached skill level 14 in Axes
 10694 | D:10     | Noticed an orc knight
 10989 | D:10     | Reached **** piety under the Shining One
 11519 | D:9      | Reached XP level 12. HP: 81/81 MP: 17/17
 11593 | D:9      | Killed Joseph
 12004 | D:8      | Reached skill level 15 in Axes
 12309 | D:10     | Found a staircase to the Lair.
 12750 | D:10     | Found a roughly hewn altar of Beogh.
 12750 | D:10     | Found a staircase to the Orcish Mines.
 12857 | Lair:1   | Entered Level 1 of the Lair of Beasts
 13091 | Lair:1   | Noticed a six-headed hydra
 13167 | D:10     | Killed a six-headed hydra
 13560 | Lair:1   | Reached skill level 16 in Axes
 13563 | Lair:1   | Reached skill level 1 in Maces & Flails
 14338 | Lair:2   | Reached XP level 13. HP: 79/90 MP: 20/20
 14349 | Lair:2   | Reached skill level 10 in Invocations
 14363 | Lair:2   | Reached skill level 5 in Fighting
 14533 | Lair:2   | Reached skill level 5 in Armour
 14616 | Lair:2   | Found a staircase to the Snake Pit.
 15047 | Lair:2   | Noticed Erica
 15065 | Lair:2   | Reached skill level 1 in Throwing
 15407 | Orc:1    | Entered Level 1 of the Orcish Mines
 15668 | Orc:2    | Entered Level 2 of the Orcish Mines
 15775 | Orc:2    | Found a labyrinth entrance.
 15921 | Orc:2    | Found Juyxorr's Book Shop.
 16059 | Lab      | Entered a labyrinth
 16329 | Lab      | Noticed a minotaur
 16342 | Lab      | Killed a minotaur
 17549 | Lair:3   | Reached skill level 17 in Axes
 17578 | Lair:3   | Reached XP level 14. HP: 95/100 MP: 22/22
 17918 | Lair:3   | Found a staircase to the Swamp.
 18428 | Lair:2   | Killed Erica
 19374 | Lair:4   | Found a runed gate.
 19375 | Lair:4   | Found a runed gate.
 19376 | Lair:4   | Found a runed gate.
 19400 | Lair:4   | Noticed catcat's ghost (journeyman SpEn)
 19805 | Lair:4   | Reached skill level 18 in Axes
 20437 | Lair:5   | Found a blossoming altar of Fedhas.
 21055 | Lair:5   | Noticed an entropy weaver
 21228 | Orc:1    | Reached skill level 1 in Crossbows
 21625 | Orc:2    | Found Bitur's Antique Armour Shoppe.
 21775 | Orc:2    | Bought a pair of faintly glowing boots for 285 gold pieces
 21775 | Orc:2    | Identified the +4 pair of boots of Ahecaeg {rC+ Str-4 Slay+5 Stlth+} (You bought it in a shop on level 2 of the Orcish Mines)
 21801 | Orc:2    | Noticed an orc warlord
 21909 | Swamp:1  | Entered Level 1 of the Swamp
 21919 | Swamp:1  | Reached XP level 15. HP: 108/110 MP: 24/24
 22452 | Swamp:1  | Reached ***** piety under the Shining One
 23593 | Swamp:2  | Reached skill level 19 in Axes
 23617 | Swamp:2  | Found a frozen archway.
 23679 | IceCv    | Entered an ice cave
 24076 | IceCv    | Noticed an Ice Fiend
 24093 | IceCv    | Killed an Ice Fiend
 24224 | IceCv    | Got a distressingly furry ring mail
 24226 | IceCv    | Got a smoking ring mail
 24234 | IceCv    | Got a slimy scale mail
 24659 | Swamp:1  | Identified the +5 scale mail of Catatonia {rF+ Int+3 Dex-3} (You found it in an ice cave)
 24669 | Swamp:1  | Identified the +5 ring mail "Casecze" {rElec rF+ rC+} (You found it in an ice cave)
 24679 | Swamp:1  | Identified the +2 ring mail of the Apprentice {MR+ Str-2 Slay+2} (You found it in an ice cave)
 24852 | Swamp:2  | Noticed a thorn hunter
 24870 | Swamp:2  | Killed a thorn hunter
 24985 | Swamp:3  | Noticed a thorn hunter
 25000 | Swamp:3  | Killed a thorn hunter
 25000 | Swamp:3  | Reached XP level 16. HP: 61/117 MP: 18/26
 25986 | Snake:1  | Entered Level 1 of the Snake Pit
 26150 | Snake:1  | Reached skill level 20 in Axes
 26694 | Snake:1  | Reached skill level 10 in Fighting
 26938 | Snake:1  | Reached skill level 1 in Evocations
 26942 | Snake:1  | Found a hazy altar of Hepliaklqana.
 27525 | Snake:2  | Noticed Vashnia
 27783 | D:6      | You fall through a shaft for 2 floors!
 27974 | D:11     | Killed Nergalle
 28476 | Snake:2  | Noticed a nagaraja
 28478 | Snake:2  | Noticed Louise
 28745 | Lair:5   | Reached XP level 17. HP: 128/128 MP: 27/27
 28763 | Lair:5   | Reached skill level 1 in Bows
 29286 | Lair:6   | Entered Level 6 of the Lair of Beasts
 29619 | Lair:6   | Found a staircase to the Slime Pits.
 30065 | Lair:6   | Reached skill level 21 in Axes
 30593 | Lair:4   | Killed catcat's ghost
 30999 | D:12     | Found Juvvont's Food Shop.
 31251 | D:13     | Reached ****** piety under the Shining One
 31268 | D:13     | Reached skill level 5 in Crossbows
 31325 | D:13     | Identified a scroll of acquirement
 31615 | D:13     | Found a gate to the Vaults.
 32312 | D:14     | Reached skill level 22 in Axes
 32833 | D:14     | Noticed Kirke
 32874 | D:14     | Killed Kirke
 32874 | D:14     | Reached XP level 18. HP: 115/134 MP: 28/28
 32971 | D:15     | Entered Level 15 of the Dungeon
 33105 | Orc:1    | Lost mutation: You expend magic power (3 MP) to strengthen your wands. [potion of mutation]
 33105 | Orc:1    | Lost mutation: You have sharp fingernails. [potion of mutation]
 33105 | Orc:1    | Lost mutation: You are partially covered in icy blue scales. (AC +2) [potion of mutation]
 33105 | Orc:1    | Gained mutation: You possess an exceptional clarity of mind. [potion of mutation]
 33105 | Orc:1    | Gained mutation: Armour fits poorly on your strangely shaped body. [potion of mutation]
 33105 | Orc:1    | Gained mutation: You have sharp toenails. [potion of mutation]
 33106 | Orc:1    | Lost mutation: Armour fits poorly on your strangely shaped body. [potion of mutation]
 33106 | Orc:1    | Lost mutation: You possess an exceptional clarity of mind. [potion of mutation]
 33106 | Orc:1    | Gained mutation: You are dopey. (Int -2) [potion of mutation]
 33106 | Orc:1    | Gained mutation: You occasionally shout uncontrollably at your foes. [potion of mutation]
 33106 | Orc:1    | Gained mutation: You are agile. (Dex +2) [potion of mutation]
 33107 | Orc:1    | Lost mutation: You occasionally shout uncontrollably at your foes. [potion of mutation]
 33107 | Orc:1    | Gained mutation: You are somewhat resistant to further mutation. [potion of mutation]
 33107 | Orc:1    | Lost mutation: You are dopey. (Int -2) [potion of mutation]
 33107 | Orc:1    | Gained mutation: You are resistant to hostile enchantments. (MR+) [potion of mutation]
 33217 | Orc:2    | Found Kuerr's Antique Weapon Boutique.
 33223 | Orc:2    | Found a staircase to the Elven Halls.
 33261 | Orc:2    | Found Yruowoemi's General Store.
 33653 | Orc:1    | Noticed Snorg
 33666 | Orc:1    | Killed Snorg
 33700 | Orc:1    | Noticed Erolcha
 33710 | Orc:1    | Killed Erolcha
 33937 | Orc:1    | Found a runed gate.
 33939 | Orc:1    | Found a runed gate.
 33941 | Orc:1    | Found a runed gate.
 33941 | Orc:1    | Noticed lepoulpe303's ghost (journeyman GrFi)
 34159 | Orc:1    | Noticed Etaoz's ghost (journeyman BaFE)
 34160 | Orc:1    | Noticed Pseudoku's ghost (journeyman HaMo)
 34176 | Orc:1    | Noticed lepoulpe303's ghost (journeyman GrFi)
 34635 | Elf:1    | Entered Level 1 of the Elven Halls
 35454 | Swamp:4  | Entered Level 4 of the Swamp
 35723 | Swamp:4  | Reached skill level 23 in Axes
 36285 | Swamp:4  | Found a runed door.
 36308 | Swamp:4  | Noticed Guenter's ghost (journeyman DsGl)
 36667 | Swamp:4  | Got a decaying rune of Zot
 37696 | Snake:2  | Killed Vashnia
 37696 | Snake:2  | Reached XP level 19. HP: 93/140 MP: 14/29
 38888 | Snake:2  | Found a runed door.
 39259 | Snake:3  | Reached skill level 10 in Shields
 39270 | Snake:3  | Reached skill level 24 in Axes
 39488 | Snake:3  | Cast into level 2 of the Abyss (Louise)
 39488 | Abyss:2  | Found a bloodstained altar of Trog.
 39641 | Abyss:2  | Noticed a lich
 39655 | Abyss:2  | Killed a lich
 39992 | Abyss:2  | Noticed a bone dragon
 40009 | Abyss:2  | Killed a bone dragon
 40081 | Snake:3  | Escaped the Abyss
 40386 | Snake:3  | Killed Louise
 40692 | Snake:3  | Found a glowing golden altar of the Shining One.
 40968 | Snake:4  | Entered Level 4 of the Snake Pit
 41537 | Snake:4  | Reached skill level 15 in Invocations
 41801 | Snake:4  | Reached XP level 20. HP: 139/147 MP: 31/31
 42005 | Snake:4  | Reached skill level 25 in Axes
 42470 | Snake:4  | Found Eserome's Distillery.
 42920 | Snake:4  | Got a serpentine rune of Zot
 43737 | D:15     | Noticed Rupert
 43756 | D:15     | Killed Rupert
 43901 | D:15     | Found a staircase to the Depths.
 44208 | D:15     | Found a runed door.
 44208 | D:15     | Noticed Ihryk's ghost (journeyman MiFi)
 44221 | D:15     | Killed Ihryk's ghost
 44300 | Vaults:1 | Entered Level 1 of the Vaults
 44465 | Vaults:1 | Found Pebaahu's Antique Armour Shoppe.
 44629 | Vaults:1 | Reached XP level 21. HP: 148/154 MP: 32/32
 46182 | Vaults:2 | Found a staircase to the Crypt.
 46214 | Vaults:2 | Reached skill level 15 in Shields
 46485 | Vaults:2 | Reached skill level 5 in Throwing
 46486 | Vaults:2 | Reached XP level 22. HP: 109/165 MP: 31/33
 47112 | Vaults:3 | Got a jewelled ring mail
 47235 | Vaults:3 | Found Goutut's Antique Armour Emporium.
 48084 | Vaults:3 | Reached skill level 10 in Armour
 48100 | Vaults:4 | Identified the +0 ring mail of Dithmenos's Generosity {*Contam rF+ rCorr Int+7} (You found it on level 3 of the Vaults)
 48129 | Vaults:4 | Gained mutation: Scrolls take you a little longer to read. [mutagenic glow]
 49198 | Vaults:4 | Reached XP level 23. HP: 160/176 MP: 35/35
 50289 | Elf:1    | Reached skill level 5 in Evocations
 50762 | Elf:1    | Learned a level 2 spell: Slow
 50988 | Elf:2    | Found a huge runed gate.
 50988 | Elf:2    | Found a huge runed gate.
 50988 | Elf:2    | Found a huge runed gate.
 50997 | Elf:2    | Found a huge runed gate.
 50997 | Elf:2    | Found a huge runed gate.
 51134 | Elf:2    | Reached skill level 1 in Hexes
 51533 | Elf:2    | Reached skill level 5 in Hexes
 51795 | Elf:2    | Cast into level 2 of the Abyss (eveningstar of distortion)
 51927 | Abyss:2  | Found a shimmering altar of Xom.
 51948 | Abyss:2  | Learned a level 3 spell: Confuse
 52320 | Abyss:3  | Reached skill level 10 in Hexes
 52384 | Abyss:3  | Gained mutation: Your body sometimes deteriorates upon taking damage. [a neqoxec]
 52529 | Abyss:3  | Reached XP level 24. HP: 114/185 MP: 36/36
 52738 | Abyss:3  | Learned a level 3 spell: Tukima's Dance
 53044 | Abyss:3  | Reached skill level 1 in Spellcasting
 53307 | Abyss:3  | Learned a level 1 spell: Summon Butterflies
 53444 | Abyss:3  | Got an abyssal rune of Zot
 53509 | Abyss:3  | Reached skill level 1 in Summonings
 53547 | Abyss:3  | Gained mutation: Scrolls take you longer to read. [a neqoxec]
 53821 | Abyss:3  | Found a corrupted altar of Lugonu.
 53893 | Abyss:5  | Entered Level 5 of the Abyss
 53906 | Abyss:5  | Reached skill level 15 in Fighting
 53961 | Elf:2    | Escaped the Abyss
 53989 | Elf:2    | Reached XP level 25. HP: 143/194 MP: 36/36
 54578 | Elf:3    | Entered Level 3 of the Elven Halls
 54712 | Elf:3    | Found Zepo Nud's Gadget Shoppe.
 54713 | Elf:3    | Found Pessiriw's Jewellery Boutique.
 54714 | Elf:3    | Found Geshe's Gadget Shoppe.
 54726 | Elf:3    | Bought the ring of Phasing {EV+8} for 1664 gold pieces
 54726 | Elf:3    | Found the ring of Phasing {EV+8}
 55138 | Elf:3    | HP: 2/194 [deep elf sorcerer/bolt of acid (20)]
 55138 | Elf:3    | The Shining One protects you from harm!
 55145 | Elf:3    | HP: 8/194 [acid (12)]
 55147 | Elf:3    | The Shining One protects you from harm!
 55147 | Elf:3    | Splashed by a deep elf sorcerer's acid

Skill      XL: |  1  2  3  4  5  6  7  8  9 10 11 12 13 14 15 16 17 18 19 20 21 22 23 24 25 |
---------------+----------------------------------------------------------------------------+-----
Shields        | 4 5 6 8 9 10 15 | 15.0
Axes           | 3 4 5 6 7 9 12 14 16 17 18 19 20 22 23 24 25 | 25.9
Dodging        | 1 2 |  2.0
Invocations    | 5 7 9 11 12 14 15 17 18 19 | 19.0
Armour         | 4 6 7 8 10 11 | 11.0
Maces & Flails | 1 |  1.3
Fighting       | 4 6 8 10 12 13 14 15 | 15.0
Throwing       | 4 5 6 |  6.0
Crossbows      | 2 4 5 6 9 |  9.5
Evocations     | 2 4 6 |  6.0
Bows           | 1 |  1.2
Hexes          | 10 13 | 13.0
Spellcasting   | 2 |  2.2
Summonings     | 3 |  3.4

Action                   |  1- 3 |  4- 6 |  7- 9 | 10-12 | 13-15 | 16-18 | 19-21 | 22-24 | 25-27 || total
-------------------------+-------+-------+-------+-------+-------+-------+-------+-------+-------++-------
Melee: War axe           |    99 |   165 |   360 |   733 |   538 |       |       |       |       ||  1895
       Whip              |       |       |       |     7 |    37 |    27 |       |       |       ||    71
       Broad axe         |       |       |       |       |   404 |   945 |    56 |       |       ||  1405
       Executioner's axe |       |       |       |       |     3 |       |   727 |   915 |    74 ||  1719
       Dire flail        |       |       |       |       |       |    41 |       |       |       ||    41
 Fire: Arbalest          |       |       |       |       |    46 |    79 |    89 |     7 |       ||   221
       Hunting sling     |       |       |       |       |     3 |       |       |       |       ||     3
Throw: Stone             |     1 |    27 |    64 |   134 |   324 |   242 |    71 |    47 |     4 ||   914
       Tomahawk          |       |     3 |    17 |    19 |     5 |    44 |    25 |     6 |     2 ||   121
       Javelin           |       |       |       |       |       |     2 |     5 |     2 |       ||     9
 Cast: Summon Butterflie |       |       |       |       |       |       |       |     1 |       ||     1
Invok: Divine Shield     |       |       |       |     9 |     9 |     7 |    10 |     4 |     2 ||    41
       Cleansing Flame   |       |       |       |       |     3 |     1 |     5 |     4 |     2 ||    15
       Summon Divine War |       |       |       |       |     1 |     2 |     9 |    15 |     6 ||    33
 Abil: Shaft Self        |       |     1 |       |       |       |     1 |       |       |       ||     2
       Dig               |       |       |       |     1 |     3 |       |       |     3 |       ||     7
Evoke: Wand              |       |       |       |     3 |    12 |     4 |       |       |       ||    19
  Use: Scroll            |     3 |     2 |     6 |     9 |     6 |     8 |    10 |     5 |       ||    49
       Potion            |     2 |     4 |     3 |     1 |     5 |     7 |     9 |     3 |     1 ||    35
  Eat: Chunk             |       |     6 |    14 |    26 |    25 |    33 |    18 |    22 |       ||   144
       Ration            |       |       |       |     1 |     3 |     3 |     4 |     2 |     2 ||    15
Armor: Scale mail        |    43 |    59 |    66 |       |       |       |       |       |       ||   168
       Skin              |       |     8 |     1 |       |       |       |       |       |       ||     9
       Chain mail        |       |       |    37 |   154 |   156 |     7 |       |       |       ||   354
       Swamp dragon scal |       |       |       |       |     6 |   218 |   113 |   101 |     5 ||   443
Dodge: Dodged            |    31 |    52 |    71 |   174 |   206 |   378 |   221 |   203 |    12 ||  1348
Block: Shield            |    37 |    85 |   151 |   342 |   321 |   501 |   544 |       |       ||  1981
       Reflection        |       |       |       |       |       |    36 |   103 |    68 |     5 ||   212
       Large shield      |       |       |       |       |       |       |    15 |   696 |    37 ||   748
